Cogmind - Beta 14 *** ADVENTURER MODE // 2024.10.12 @ 23:35:36 // Winter2019/RPGLIKE Player: Noname Result: Destroyed by G-47 Trooper with Particle Gun Performance ------------- Evolutions (2) 1000 Regions Visited (4) 800 Robots Destroyed (21) 105 Value Destroyed (700) 700 Prototype IDs (0) 0 Alien Tech Used (0) 0 Bonus (-27) -27 TOTAL SCORE: 2578 Bonus ------- Friendly Fire -27 Cogmind --------- Core Integrity 0/600 Matter 313/400 Energy 200/200 System Corruption 0% Temperature Cool (9) Movement Rolling (120) Ox1 Location -8/Materials Parts ------- > --- POWER (1) -------- Subdweller Power Source > --- PROPULSION (2) --- Subdweller Monowheel > --- UTILITY (6) ------ Improved Heat Sink Disposable Heat Sink Medium Matter Pod Structural Scanner Reaction Control System Propulsion Shielding > --- WEAPON (2) ------- Bore Cannon > --- INVENTORY (1) ---- (None) Peak State ------------ > --- POWER ------------ Subdweller Power Source > --- PROPULSION ------- Subdweller Monowheel > --- UTILITY ---------- Improved Heat Sink Disposable Heat Sink Medium Matter Pod Structural Scanner Reaction Control System Propulsion Shielding > --- WEAPON ----------- Bore Cannon > --- INVENTORY -------- (None) [Rating: 20] Favorites ----------- Power Light Ion Engine Engine Light Ion Engine Propulsion Wheel Leg Aluminum Leg Wheel Wheel Utility Structural Scanner Device Structural Scanner Storage Medium Matter Pod Protection Propulsion Shielding Weapon Bore Cannon Energy Gun Small Laser Ballistic Gun Assault Rifle Ballistic Cannon Bore Cannon Build | -11 -10 -10 -10 -8 ------- Run | Yrd Mat Min Sub Mat Slots Evolved 7 | 4 . 1 . 2 Power . | . . . . . Propulsion 1 | . . . . 1 Utility 5 | 4 . 1 . . Weapon 1 | . . . . 1 Parts Attached 14 | 2 5 2 4 1 Power 1 | . . . 1 . Engine 1 | . . . 1 . Core . | . . . . . Reactor . | . . . . . Propulsion 2 | 1 . . 1 . Treads . | . . . . . Leg . | . . . . . Wheel 2 | 1 . . 1 . Hover . | . . . . . Flight . | . . . . . Utility 8 | . 4 1 2 1 Device 5 | . 2 1 1 1 Storage 1 | . 1 . . . Processor . | . . . . . Hackware . | . . . . . Protection 2 | . 1 . 1 . Artifact . | . . . . . Weapon 3 | 1 1 1 . . Energy Gun . | . . . . . Energy Cannon . | . . . . . Ballistic Gun 2 | 1 1 . . . Ballistic Cannon 1 | . . 1 . . Launcher . | . . . . . Special Weapon . | . . . . . Impact Weapon . | . . . . . Slashing Weapon . | . . . . . Piercing Weapon . | . . . . . Special Melee Weapon . | . . . . . Unidentified Prototypes . | . . . . . Parts Lost 1 | . . . 1 . Power . | . . . . . Propulsion . | . . . . . Utility 1 | . . . 1 . Weapon . | . . . . . Highest Loss Streak 1 | . . . 1 . To Critical Strikes . | . . . . . Average Slot Usage (%) 82 | . 70 87 86 80 Engine 11 | . 12 11 11 9 Wheel 11 | . 12 11 11 9 Device 25 | . 14 30 25 34 Storage 10 | . 9 11 11 9 Protection 11 | . 8 11 17 9 Ballistic Gun 4 | . 12 1 . . Ballistic Cannon 7 | . . 9 11 9 Peak Build Rating 20 | 3 7 14 18 20 Average Rating 12 | 3 5 12 16 19 On Entrance 8 | 3 3 7 14 17 Naked Turns . | . . . . . Heaviest Build 35 | 5 10 18 35 21 Greatest Support 20 | 10 10 10 20 20 Greatest Overweight (x) 3 | . . 1 3 1 Average Overweight (x) . | . . . 1 . Largest Inventory Capacity 1 | . . . . 1 Average Capacity . | . . . . . Most Carried . | . . . . . Average Carried . | . . . . . Final Capacity 1 | . . . . 1 Final Carried . | . . . . . Class Distribution -------------------- 85% | Mutant 14% | Scavenger-Mutant Dominant Class ---------------- Mutant | -10/Materials Mutant | -10/Mines Mutant | -10/Subcaves Scavenger-Mutant | -8/Materials Resources | -11 -10 -10 -10 -8 ----------- Run | Yrd Mat Min Sub Mat Matter Collected 887 | 200 231 78 378 . Remotely . | . . . . . Salvage Created 524 | . 104 101 300 19 Parts 39 | . 13 8 18 . Haulers Intercepted . | . . . . . Recyclers Shooed . | . . . . . Parts Field Recycled . | . . . . . Retrieved Matter . | . . . . . Parts Self-Destructed . | . . . . . Prevented . | . . . . . Kills | -11 -10 -10 -10 -8 ------- Run | Yrd Mat Min Sub Mat Combat Hostiles Destroyed 20 | . 6 4 9 1 Guns 6 | . 6 . . . Cannons 14 | . . 4 9 1 Classes Destroyed 5 | . 3 . 1 1 Worker 1 | . 1 . . . Swarmer 3 | . 3 . . . Grunt 7 | . 3 4 . . Sentry 1 | . . . . 1 Subdweller 9 | . . . 9 . Best Kill Streak 4 | . 4 4 4 1 Combat Bots Only 4 | . 3 4 4 1 Max Kills in Single Turn 2 | . 1 2 2 1 Gunslinging . | . . . . . Exploded . | . . . . . Melee . | . . . . . Uniques/NPCs Destroyed . | . . . . . Combat | -11 -10 -10 -10 -8 -------- Run | Yrd Mat Min Sub Mat Hostile Shots Fired 108 | . 22 3 74 9 Missed 26 | . 6 . 18 2 Damage Taken 1273 | . 100 38 1051 84 Core 806 | . 84 32 629 61 Absorbed by Shields . | . . . . . Redirected to Core 635 | . 36 20 539 40 Redirected to Shielding 38 | . 3 . 24 11 Ignored by Resistances 364 | . 36 12 290 26 Core Remaining (%) 54 | 100 . . 9 . Volleys Fired 93 | . 28 9 45 11 Largest 1 | . 1 1 1 1 Hottest 57 | . 20 57 57 57 Shots Fired 93 | . 28 9 45 11 Gun 28 | . 28 . . . Cannon 65 | . . 9 45 11 Launcher . | . . . . . Special . | . . . . . Kinetic 93 | . 28 9 45 11 Thermal . | . . . . . Explosive . | . . . . . Electromagnetic . | . . . . . Robot Hit Streak 16 | . 7 5 16 8 Robot Miss Streak 2 | . 2 . 1 1 Penetration Max 1 | . . 1 1 . Secondary Targets . | . . . . . Shots Hit Robots 70 | . 19 5 36 10 Core Hits 30 | . 9 4 16 1 Critical Kills 11 | . . 3 7 1 Critical Parts Destroyed 8 | . . 2 . 6 Critical Strikes 29 | . . 5 17 7 Destroy 29 | . . 5 17 7 Melee Attacks . | . . . . . Impact . | . . . . . Slashing . | . . . . . Piercing . | . . . . . Sneak Attacks . | . . . . . Combat Hostiles . | . . . . . Follow-up Attacks . | . . . . . Damage Inflicted 1495 | . 269 135 900 191 Guns 269 | . 269 . . . Cannons 1226 | . . 135 900 191 Explosions . | . . . . . Melee . | . . . . . Ramming . | . . . . . Kinetic 1495 | . 269 135 900 191 Thermal . | . . . . . Explosive . | . . . . . Electromagnetic . | . . . . . Impact . | . . . . . Slashing . | . . . . . Piercing . | . . . . . Highest Corruption . | . . . . . Average Corruption . | . . . . . Corruption Purged . | . . . . . Corruption Blocked . | . . . . . Overload Shots . | . . . . . Overflow Damage . | . . . . . Projectiles . | . . . . . Explosions . | . . . . . Melee . | . . . . . Knockbacks 5 | . . . 4 1 Impact . | . . . . . Kinetic 4 | . . . 3 1 Secondary 1 | . . . 1 . Self-Inflicted Damage . | . . . . . Shots . | . . . . . Rammed . | . . . . . Targets Rammed . | . . . . . Kicked . | . . . . . Crushed . | . . . . . Highest Temperature 7 | . . 7 . 3 Average Temperature 3 | . . 4 . 3 Received Heat Transfer 198 | . 24 27 129 18 Siege Activations . | . . . . . Robots Corrupted . | . . . . . Combat Hostiles . | . . . . . Parts Fried . | . . . . . Impact Corruptions . | . . . . . Robots Melted . | . . . . . Combat Hostiles . | . . . . . Parts Melted 1 | . . . 1 . Heat Transferred . | . . . . . Parts Sabotaged . | . . . . . Parts Stolen . | . . . . . Parts Stripped . | . . . . . Power Chain Reactions . | . . . . . Alert | -11 -10 -10 -10 -8 ------- Run | Yrd Mat Min Sub Mat Peak Influence 222 | . 222 219 . 50 Initial 73 | . . 73 . . Average 129 | . 133 151 . 8 Maximum Alert Level 1 | . 1 1 . . Low Security (%) 56 | 100 62 43 . 100 Level 1 43 | . 37 56 . . Level 2 . | . . . . . Level 3 . | . . . . . Level 4 . | . . . . . Level 5 . | . . . . . High Security . | . . . . . Max Security . | . . . . . Squads Dispatched 2 | . 1 . . 1 Investigation 2 | . 1 . . 1 Extermination . | . . . . . Reinforcement . | . . . . . Assault . | . . . . . Garrison . | . . . . . Intercept . | . . . . . Searches Triggered . | . . . . . Construction Impeded . | . . . . . Haulers Reinforced . | . . . . . Active Scanning Responses . | . . . . . Cargo Convoy Interrupts . | . . . . . Stealth | -11 -10 -10 -10 -8 --------- Run | Yrd Mat Min Sub Mat Distress Signals . | . . . . . Communications Jammed . | . . . . . Distress Signals . | . . . . . Times Spotted 38 | . 12 6 17 3 Peak Tracking Total 14 | . 3 4 14 1 Tactical Retreats 2 | . 1 1 . . Traps | -11 -10 -10 -10 -8 ------- Run | Yrd Mat Min Sub Mat Traps Triggered 2 | . 1 . . 1 Indirectly . | . . . . . Trap Hack Attempts . | . . . . . Triggered . | . . . . . Disarmed . | . . . . . Reprogrammed . | . . . . . Reused . | . . . . . Traps Extracted . | . . . . . Installed . | . . . . . Triggered . | . . . . . Machines | -11 -10 -10 -10 -8 ---------- Run | Yrd Mat Min Sub Mat Machines Disabled . | . . . . . Max in Single Turn . | . . . . . Machines Repaired . | . . . . . Machines Dismantled . | . . . . . Machines Sabotaged . | . . . . . Overloaded Fab Kills . | . . . . . Hacking | -11 -10 -10 -10 -8 --------- Run | Yrd Mat Min Sub Mat Machines Accessed 3 | . 3 . . . Terminals 2 | . 2 . . . Fabricators . | . . . . . Repair Stations . | . . . . . Recycling Units 1 | . 1 . . . Scanalyzers . | . . . . . Garrison Access . | . . . . . Total Hacks 11 | . 11 . . . Successful 8 | . 8 . . . Failed 3 | . 3 . . . Catastrophic 1 | . 1 . . . Database Lockouts . | . . . . . Manual 5 | . 5 . . . Terminals 10 | . 10 . . . Fabricators . | . . . . . Repair Stations . | . . . . . Recycling Units 1 | . 1 . . . Scanalyzers . | . . . . . Garrison Access . | . . . . . Terminal Hacks 4 | . 4 . . . Branch Access Points 1 | . 1 . . . Emergency Access Points 1 | . 1 . . . Scanalyzer Index 1 | . 1 . . . Locate Traps 1 | . 1 . . . Fabricator Hacks . | . . . . . Repair Station Hacks . | . . . . . Recycling Unit Hacks 1 | . 1 . . . Report Inventory 1 | . 1 . . . Scanalyzer . | . . . . . Garrison Access Hacks . | . . . . . Unauthorized Hacks 3 | . 3 . . . Terminals 3 | . 3 . . . Track 1 | . 1 . . . Botnet 2 | . 2 . . . Fabricators . | . . . . . Repair Stations . | . . . . . Recycling Units . | . . . . . Scanalyzers . | . . . . . Garrison Access . | . . . . . Data Cores Recovered . | . . . . . Used . | . . . . . Hacking Detections 2 | . 2 . . . Full Trace Events 1 | . 1 . . . Feedback Events . | . . . . . Feedback Blocked . | . . . . . Robot Schematics Acquired . | . . . . . Robots Built . | . . . . . Authchips . | . . . . . Time . | . . . . . Total Robot Build Rating . | . . . . . Part Schematics Acquired . | . . . . . Parts Built . | . . . . . Authchips . | . . . . . Time . | . . . . . Total Part Build Rating . | . . . . . Parts Repaired . | . . . . . Time . | . . . . . Parts Recycled . | . . . . . Recycled Matter . | . . . . . Retrieved Matter . | . . . . . Retrieved Components . | . . . . . Parts Scanalyzed . | . . . . . Part Schematics Acquired . | . . . . . Parts Damaged . | . . . . . Bothacking | -11 -10 -10 -10 -8 ------------ Run | Yrd Mat Min Sub Mat Used RIF Installer . | . . . . . Robots Hacked . | . . . . . Non-combat . | . . . . . Combat . | . . . . . Robot Hacks Applied . | . . . . . Relay Couplers Released . | . . . . . Fabnet Peak Effective % . | . . . . . Robots Rewired . | . . . . . Allies Hacked . | . . . . . Hacks Repelled . | . . . . . Allies | -11 -10 -10 -10 -8 -------- Run | Yrd Mat Min Sub Mat Total Allies . | . . . . . Largest Group . | . . . . . Highest-Rated Group . | . . . . . Highest-Rated Ally . | . . . . . Total Orders . | . . . . . Ally Attacks . | . . . . . Total Damage . | . . . . . Kills . | . . . . . Allies Corrupted . | . . . . . Allies Melted . | . . . . . Intel | -11 -10 -10 -10 -8 ------- Run | Yrd Mat Min Sub Mat Robot Analysis Total . | . . . . . Derelict Logs Recovered 2 | . . 1 1 . Drone Launches . | . . . . . Drone Recoveries . | . . . . . Exploration | -11 -10 -10 -10 -8 ------------- Run | Yrd Mat Min Sub Mat Turns Passed 1151 | 9 314 454 289 85 Spaces Moved 945 | 6 283 450 156 50 Core . | . . . . . Treads . | . . . . . Legs 2 | 2 . . . . Wheels 943 | 4 283 450 156 50 Hover . | . . . . . Flight . | . . . . . Fastest Speed 80 | 80 80 80 95 110 Average Speed 93 | 93 80 91 116 117 Slowest Speed 125 | 120 80 95 125 120 Overloaded Moves . | . . . . . Propulsion Burnouts . | . . . . . Robots Hopped . | . . . . . Cave-ins Triggered . | . . . . . Exploration Rate (%) 29 | 2 44 81 11 9 Regions Visited 4 Branch Regions 2 Pre-discovered Areas 2 | . . 1 1 . Known Exits Taken 1 | . 1 . . . Unknown Exits Taken 3 | 1 . 1 1 . Scrap Searched 1 | . . 1 . . Spaces Dug . | . . . . . Terrain Destroyed 19 | . . 3 10 6 Melee . | . . . . . Projectile 19 | . . 3 10 6 AOE . | . . . . . Terrain Rammed . | . . . . . Walls Destroyed . | . . . . . Machines Disabled . | . . . . . Actions | -11 -10 -10 -10 -8 --------- Run | Yrd Mat Min Sub Mat Total 1111 | 9 339 480 218 65 Wait 41 | . 18 15 5 3 Move 941 | 5 282 449 155 50 Hop . | . . . . . Pick Up . | . . . . . Fast Attach 12 | 2 5 2 2 1 Attach . | . . . . . Detach . | . . . . . Swap 2 | . . . 2 . Drop 6 | 2 . 1 3 . Fire 93 | . 28 9 45 11 Melee . | . . . . . Ram . | . . . . . Kick . | . . . . . Crush . | . . . . . Escape Stasis . | . . . . . Rewire . | . . . . . Trap . | . . . . . Miscellaneous 16 | . 6 4 6 . Route ------- -11/Scrapyard -10/Materials (discovered 2 exits: [*Mat] / *Min) -10/Mines -10/Subcaves -8/Materials History --------- Turn | Location | Event 1 | -11/Scrapyard | Upgraded with Utility slot (x4) 1 | -11/Scrapyard | Discovered new exit (range 1) 10 | -11/Scrapyard | Entered Materials 57 | -10/Materials | Discovered new exit (range 8) 156 | -10/Materials | Identified exit to Mines 235 | -10/Materials | Discovered new exit (range 8) 300 | -10/Materials | Build established: Mutant 324 | -10/Materials | Entered Mines 397 | -10/Mines | A weapon hastily lodged in a ceiling crevice suddenly fell to the ground 469 | -10/Mines | Reached level 2 485 | -10/Mines | Upgraded with Utility slot (x1) 652 | -10/Mines | YI-UF0 nonchalantly dropped a Grenade Launcher on the ground 664 | -10/Mines | Discovered new exit (range 16) 778 | -10/Mines | Entered Subcaves 784 | -10/Subcaves | Learned location of Storage (-9) 878 | -10/Subcaves | Shifting Twisted Machinery released Sub. Monowheel 879 | -10/Subcaves | A swath of the cavern ceiling suddenly collapsed 886 | -10/Subcaves | Ambushed by swarm of Subdwellers 887 | -10/Subcaves | Ambushed by Subdwellers from Twisted Machinery 887 | -10/Subcaves | Ambushed by Subdwellers from Twisted Machinery 887 | -10/Subcaves | Ambushed by Subdwellers from Twisted Machinery 887 | -10/Subcaves | Ambushed by Subdwellers from Twisted Machinery 887 | -10/Subcaves | Ambushed by Subdwellers from Twisted Machinery 887 | -10/Subcaves | Ambushed by Subdwellers from Twisted Machinery 942 | -10/Subcaves | Lost 4 allies 953 | -10/Subcaves | Core integrity fell below 50% 1026 | -10/Subcaves | Ambushed by Subdweller buried in earth 1028 | -10/Subcaves | Core integrity fell below 20% 1050 | -10/Subcaves | Discovered new exit (range 16) 1067 | -10/Subcaves | Entered Materials 1068 | -8/Materials | Core integrity fell below 50% 1068 | -8/Materials | Core integrity fell below 20% 1069 | -8/Materials | Reached level 3 1069 | -8/Materials | Reached level 4 1069 | -8/Materials | Reached level 5 1069 | -8/Materials | Reached level 6 1071 | -8/Materials | Upgraded with Propulsion slot (x1) 1071 | -8/Materials | Upgraded with Weapon slot (x1) 1152 | -8/Materials | Destroyed by G-47 Trooper with Particle Gun Last Messages --------------- 01117_ HV Slug penetrates Y-45 Defender. 01117_ Y-45 Defender suffers critical hit (Destroy). 01117_ Destroyed Beam Rifle. 01117_ HV Slug penetrates Wall. 01119_ Y-45 Defender suffers critical hit (Destroy). 01119_ Destroyed Lgt. Treads. 01121_ HV Slug penetrates Y-45 Defender. 01121_ HV Slug penetrates Wall. 01123_ Y-45 Defender suffers critical hit (Destroy). 01123_ Destroyed Lgt. Treads. 01127_ Y-45 Defender suffers critical hit (Destroy). 01127_ Destroyed Hvy. Assault Rifle. 01127_ Y-45 Defender knocked back. 01129_ HV Slug penetrates Y-45 Defender. 01133_ Y-45 Defender suffers critical hit (Destroy). 01133_ Y-45 Defender destroyed. 01151_ HV Slug penetrates Wall. 01151_ HV Slug penetrates G-47 Trooper. 01151_ G-47 Trooper suffers critical hit (Destroy). 01151_ Destroyed Aluminum Leg. Map ----- +----------------------------------------------------+ | ?????????????????????????????????????????????????? | | ?????????????????????????????????????????????????? | | ?????????????????????????????????????????????????? | | ?????????????????????????????????????????????????? | | ?????????????????????????????????????????????????? | | ?????????????????????????????????????????????????? | | ?????????????????????????????????????????????????? | | ?????????????????????????????????????????????????? | | ?????????????????????????????????????????????????? | | ????????????????????????!????????????????????????? | | ???????????????????????? ??? ##??????????????????? | | ???????????????????????? ? ##??????????????????? | | ???????????????????????? ? ##??????????????????? | | ???????????????????????? # # ??? ??????????????? | | ???????????????????????? # # ?? ?????????????? | | ??????????????????????##"# # ?? ??????????????? | | ??????????????????????## # # ? ???????????????? | | ???????????????#########"# # ????????????????? | | ???????????????#########%# gg ?????????????????? | | ???????????????## %%%# # ??????????????????? | | ???????????????##"S """%# %; ??????????????????? | | ???????????????##""" """%# g##??????????????????? | | ???????????????## "" """ # # ??????????????????? | | ???????????????## # # ??????????????????? | | ???????????????## !/ """ ; # ??????????????????? | | ???????????????## ] """ @ + ??????????????????? | | ?#############?## """ # # ??????????????????? | | ?################ # # ?????????????????? | | ?## ############## ###?????????????????? | | ?## !# ####### ##?????????????????? | | ?## # ##?????????????????? | | ?## """ """ + ##?????????????????? | | ?## """ """ # * ##?????????????????? | | ?## """ """ # ####### ##?????????????????? | | ?## """ """ ## ###############?????????????????? | | ?## ## ###???#########?????????????????? | | ?############# ##??????????????????????????????? | | ??############ ##??????????????????????????????? | | ????????????## ##??????????????????????????????? | | ????????????## ##??????????????????????????????? | | ????????????## ##??????????????????????????????? | | ????????????#######??????????????????????????????? | | ????????????#######??????????????????????????????? | | ?????????????????????????????????????????????????? | | ?????????????????????????????????????????????????? | | ?????????????????????????????????????????????????? | | ?????????????????????????????????????????????????? | | ?????????????????????????????????????????????????? | | ?????????????????????????????????????????????????? | | ?????????????????????????????????????????????????? | +----------------------------------------------------+ Best States ------------- Heat Dissipation 49 Coolant Potential 50 Energy Generation 15 Energy Capacity 200 Matter Stores 400 Matter Capacity 400 Sight Range 16 Terrain Scan Density 10 Armor Coverage 800 Resistance: KI 20 Resistance: TH 20 Resistance: EX 20 Resistance: EM 20 Resistance: I 20 Resistance: S 20 Resistance: P 20 Propulsion Shielding 33 Evasion (%) 44 Offensive Hacking 10 Item Schematics ----------------- None Robot Schematics ------------------ None Fabricated ------------ Nothing Alien Tech Used ----------------- None Achievements -------------- None Challenges ------------ None RPGLIKE | -11 -10 -10 -10 -8 --------- Run | Yrd Mat Min Sub Mat Levels Raised 5 | . . 1 . 4 XP Earned 12456 | 4000 700 1000 1000 5756 XP Spent 6750 | 3800 . 1700 . 1250 Upgrades 8 | 4 . 1 . 3 Propulsion Slot 1 | . . . . 1 Utility Slot 5 | 4 . 1 . . Weapon Slot 1 | . . . . 1 Inventory Capacity 1 | . . . . 1 Protomatter Created 200 | . 92 80 28 . Integrity Restored 230 | . 100 46 84 . Core 200 | . 84 32 84 . Parts 30 | . 16 14 . . Protomatter Decayed 167 | . 56 64 47 . Game ------ Seed SlugCatalystWings Manual? 0 Play Time 00:15:27 Cumulative 219.5 hours Start 2024.10.12 @ 23:15:31 End 2024.10.12 @ 23:35:36 Sessions 1 Manual Loads 0 Difficulty Adventurer Special Mode Winter2019/RPGLIKE Game No. 74 Rogue 28 Adventurer 46 Explorer 0 Win Type - Total 13 Types 10/0/3/0/0/0/0/0/0 Lore% 57 Gallery% 67 Achievement% 64 Wizard Run 0 Options --------- Layout 0 ASCII 0 Keyboard 1 Movement Vi Keybinds 0 Fullscreen 2 Font 18/SmallcapsGlow Map View 76x50 Zoom Use 0% Tactical HUD 1 Map Filters NONE Filters NONE Steam X RUN: 80d9839b-3b1b-4d94-aa9e-061ea6b05e47